 Dungeon Crawl Stone Soup version 0.22-a0-417-g1387785 (webtiles) character file.

39 Borgoz the Skirmisher (level 3, -1/23 HPs)
             Began as a Gargoyle Abyssal Knight on May 14, 2018.
             Was a Follower of Lugonu.
             Slain by a worm (2 damage)
             ... on level 2 of the Dungeon.
             The game lasted 00:01:31 (610 turns).

Borgoz the Skirmisher (Gargoyle Abyssal Knight)      Turns: 610, Time: 00:01:31

Health: -1/23      AC:  6    Str: 15    XL:     3   Next: 45%
Magic:  4/4        EV: 11    Int: 12    God:    Lugonu [*.....]
Gold:   32         SH:  0    Dex: 10    Spells: 2/2 levels left

rFire    . . .     SeeInvis .   a - +1 hand axe
rCold    . . .     Gourm    .   (no shield)
rNeg     + . .     Faith    .   b - +0 leather armour
rPois    ∞         Spirit   .   (no helmet)
rElec    +         Reflect  .   (no cloak)
rCorr    .         Harm     .   (no gloves)
MR       .....                  (no boots)
Stlth    +.........             (no amulet)
HPRegen  0.07/turn              (no ring)
MPRegen  0.09/turn              (no ring)

@: no status effects
A: negative energy resistance 1, electricity resistance, unbreathing,
petrification resistance, rot immunity, AC +3
a: Depart the Abyss, Renounce Religion


You were on level 2 of the Dungeon.
You worshipped Lugonu.
Lugonu was aware of your devotion.
You were not hungry.

You visited 1 branch of the dungeon, and saw 2 of its levels.
You visited the Abyss 1 time.

You collected 32 gold pieces.

Inventory:

Hand Weapons
 a - a +1 hand axe (weapon)
Armour
 b - a +0 leather armour (worn)
Scrolls
 d - a scroll of fear {unknown}
 i - a scroll of identify {unknown}
 j - a scroll of teleportation {unknown}
 k - a scroll of immolation {unknown}
 m - a scroll of remove curse {unknown}
Potions
 e - a potion of invisibility {unknown}
 f - a potion of degeneration {unknown}
 g - a potion of resistance {unknown}
 h - a potion of cancellation {unknown}
 l - a potion of brilliance {unknown}
Comestibles
 c - 4 rations


   Skills:
 + Level 3.4 Fighting
 * Level 2.3 Axes
 + Level 2.4 Armour
 * Level 1.5 Dodging
 + Level 2.3 Invocations


You had 2 spell levels left.
You didn't know any spells.
Your spell library was empty.

Dungeon Overview and Level Annotations

Branches:
Dungeon (2/15)

Altars:


Innate Abilities, Weirdness & Mutations

You are resistant to torment.
Your stone body is resilient. (AC +3)
You are immune to poison.
You resist negative energy. (rN+)
You are resistant to electric shocks. (rElec)
You can survive without breathing.
You are immune to petrification.
You are immune to rotting.


Message History

The worm bites you.
You are too injured to fight recklessly!
You are too injured to fight recklessly!
You are too injured to fight recklessly!
You hit the worm.
The worm is almost dead.
The worm bites you but does no damage.
You hit the worm but do no damage.
The worm is severely wounded.
The worm bites you.
You hit the worm.
The worm is almost dead.
You completely miss the worm.
The worm is almost dead.
The worm bites you.
* * * LOW HITPOINT WARNING * * *
You barely miss the worm.
The worm is severely wounded.
The worm bites you.
You die...

...... #.###.
#.... #.#.. #....
#.#.# #....##.#.#
#
#...†.....######.#
#.....#..........#
##+###..........##
#.........#.#<#.#
#...@###..#.#.#
#..w.# #..#.#.#
#....# #..#.#.#
#....# #..#.#.#
#....# #..#...#
###### #..#####
.... ####


You could see a worm.

Vanquished Creatures
  An adder (D:2)
  An ooze (D:1)
  3 giant cockroaches (D:1)
  3 goblins (D:1)
  2 hobgoblins (D:1)
  5 kobolds (D:1)
  5 bats (D:1)
  4 frilled lizards
  A rat (D:1)
25 creatures vanquished.

Notes
Turn   | Place    | Note
-------+----------+-------------------------------------------
     0 | Abyss:1  | Borgoz the Gargoyle Abyssal Knight began the quest for the Orb.
     0 | Abyss:1  | Reached XP level 1. HP: 14/14 MP: 2/2
    41 | Abyss:1  | Noticed a thrashing horror
    42 | D:1      | Escaped the Abyss
    72 | D:1      | Reached skill level 1 in Dodging
   123 | D:1      | Reached XP level 2. HP: 17/19 MP: 3/3
   154 | D:1      | Reached * piety under Lugonu
   216 | D:1      | Reached XP level 3. HP: 15/23 MP: 4/4
   609 | D:2      | HP: 1/23 [worm (6)]
   610 | D:2      | Slain by a worm

Vault maps used:
D:1:      sevenhm_arrival_forest_fort_small_4
D:2:      first_ration
Abyss:1:  hangedman_abyss_or_decor_jellyfish_corner

Skill      XL: |  1 |
---------------+----+-----
Dodging        | 1 |  1.5
Axes           | 2 |  2.3
Fighting       | |  3.4
Armour         | |  2.4
Invocations    | |  2.3

Action                   || total
-------------------------++-------
Melee: Hand axe          ||    73
Invok: Depart the Abyss  ||     1
Armor: Leather armour    ||    26
Dodge: Dodged            ||    42

Table legend:
 A = Spawn XP
 B = Non-spawn XP
 C = Spawn XP percentage of total XP
 D = Spawn monster count
 E = Non-spawn monster count
 F = Spawn count percentage of total count
 G = Total turns spent on level
                    A         B        C        D         E        F      G
               +---------+---------+-------+---------+---------+-------+---------
         Total |       0 |      56 |   0.0 |       0 |      25 |   0.0 |   610
               +---------+---------+-------+---------+---------+-------+---------
           D:1 |       0 |      40 |   0.0 |       0 |      22 |   0.0 |   535
           D:2 |       0 |      16 |   0.0 |       0 |       3 |   0.0 |    33
               +---------+---------+-------+---------+---------+-------+---------
